 Dungeon Crawl Stone Soup version 0.31-a0-230-g09eb5fc4d3 (webtiles) character file.

Game seed: 16817170050966799430

338 qw the Shooter (level 6, -2/52 HPs)
             Began as a Minotaur Hexslinger on July 6, 2023.
             Slain by Edmund
             ... wielding a +0 dire flail of protection
              (6 damage)
             ... on level 4 of the Dungeon.
             The game lasted 00:00:56 (2131 turns).

qw the Shooter (Minotaur Hexslinger)                Turns: 2131, Time: 00:00:57

Health: -2/52      AC:  5    Str: 11 (13) XL:     6   Next: 29%
Magic:  6/6        EV: 10    Int:  7 (10) God:
Gold:   149        SH:  0    Dex: 11 (14) Spells: 6/7 levels left

rFire   . . .        Y - +3 sling
rCold   . . .        (no shield)
rNeg    . . .        d - +0 ring mail
rPois   .            (helmet restricted)
rElec   .            (no cloak)
rCorr   .            (no gloves)
SInv    .            (no boots)
Will    .....        (no amulet)
Stlth   +            (no ring)
HPRegen 0.28/turn    (no ring)
MPRegen 0.10/turn

%: no passive effects
@: about to teleport
A: horns 2, retaliatory headbutt, talons 1, screaming 1, MP-powered wands
a: no special abilities


You were on level 4 of the Dungeon.
You visited 1 branch of the dungeon, and saw 4 of its levels.

You collected 149 gold pieces.


Innate Abilities, Weirdness & Mutations

You have a pair of horns on your head.
You reflexively headbutt those who attack you in melee.
You have sharp toenails.
You occasionally shout uncontrollably at your foes.
You expend magic power (3 MP) to strengthen your wands.


   Skills:
 + Level 3.7 Fighting
 - Level 6.4 Ranged Weapons
 - Level 1.2 Armour
 - Level 2.1 Dodging
 - Level 1.0 Spellcasting
 - Level 2.0 Hexes


You had 6 spell levels left.
You knew the following spells:

 Your Spells              Type           Power      Damage    Failure   Level
a - Slow                  Hex            12%        N/A       41%         1

Your spell library contained the following spells:

 Spells                   Type           Power      Damage    Failure   Level
 Inner Flame              Hex/Fire       1%         N/A       89%         3
 Portal Projectile        Hex/Tloc       2%         N/A       89%         3
 Cause Fear               Hex            1%         N/A       99%         4

Inventory:

Hand Weapons
 Y - a +3 sling (weapon)
Armour
 d - a +0 ring mail (worn)
Scrolls
 g - a scroll of identify
 k - 2 scrolls of enchant armour
Potions
 a - 2 potions of mutation
 b - a potion of might
 i - a potion of ambrosia {unknown}
 j - a potion of enlightenment {unknown}

Dungeon Overview and Level Annotations

Branches:
Dungeon (4/15)
 Temple: D:4-7

Altars:
Xom

Annotations:
D:3 3 runed translucent doors, qw's ghost, amateur GrHs
D:4 Edmund


Message History

You shoot a sling bullet. The sling bullet closely misses Edmund.
Edmund closely misses you. The giant cockroach misses you.
You furiously retaliate!
You headbutt the giant cockroach. You shoot a sling bullet.
The sling bullet hits the giant cockroach!
You kill the giant cockroach!
Edmund closely misses you.
You shoot a sling bullet.
The sling bullet completely misses Edmund.
Edmund barely misses you. You furiously retaliate!
You headbutt Edmund. Edmund closely misses you. You furiously retaliate!
You headbutt Edmund.
A goblin comes into view. It is wielding a +0 club.
You shoot a sling bullet. The goblin shouts!
The sling bullet hits Edmund.
Edmund is moderately wounded.
Edmund hits you with a +0 dire flail of protection.
You shoot a sling bullet. The sling bullet hits Edmund.
Edmund is heavily wounded.
Edmund closely misses you.
You shoot a sling bullet. The sling bullet hits Edmund.
Edmund is heavily wounded.
Edmund hits you with a +0 dire flail of protection!
You shoot a sling bullet.
The sling bullet hits Edmund but does no damage.
Edmund is heavily wounded.
Edmund hits you with a +0 dire flail of protection.
You shoot a sling bullet.
The sling bullet hits Edmund but does no damage.
Edmund is heavily wounded.
Edmund hits you with a +0 dire flail of protection!
2130 ||| READING scroll of teleportation.
As you read the scroll of teleportation, it crumbles to dust.
You feel strangely unstable.
Edmund hits you with a +0 dire flail of protection!
You shoot a sling bullet.
The sling bullet hits Edmund but does no damage.
Edmund is heavily wounded.
Edmund hits you with a +0 dire flail of protection.
You die...

....#.# #..##...###.#
......###.....###...#
..........#.#.#.....#
.#..###.#.....#.#.#:# #
##......#.#.#.#.#...#.#.
........................
.##.#.....##..........##
....#.###.######.#......
#..... #.# #@g.#.#.# .#.
#.# ##@...... ..#
..#.#.# ....... ..#.#.#
#...... .#.#.# ......


You could see Edmund and a goblin.

Vanquished Creatures
  Sigmund (D:3)
  A hound (D:4)
  Robin (D:3)
  8 adders
  An ufetubus (D:4)
  A dart slug (D:3)
  An orc (D:2)
  4 endoplasms
  2 giant cockroaches
  16 goblins
  10 hobgoblins
  3 jackals (D:3)
  A quokka (D:1)
  6 ball pythons
  5 bats
  2 frilled lizards
  5 kobolds
  A rat (D:1)
  A spectral goblin (D:1)
70 creatures vanquished.

Notes
Turn   | Place    | Note
-------+----------+-------------------------------------------
     0 | D:1      | qw the Minotaur Hexslinger began the quest for the Orb.
     0 | D:1      | Reached XP level 1. HP: 16/16 MP: 1/1
     0 | D:1      | 0 ||| qw: Version: 0.3-a-46-gb1f654a
     0 | D:1      | 0 ||| qw: Game counter: 1797
     0 | D:1      | 0 ||| qw: Melee chars always use a shield: true
     0 | D:1      | 0 ||| qw: God list: Okawaru
     0 | D:1      | 0 ||| qw: Allow faded altars: false
     0 | D:1      | 0 ||| qw: Do Orc after clearing Dungeon:15 true
     0 | D:1      | 0 ||| qw: Do second Lair branch before Depths: true
     0 | D:1      | 0 ||| qw: Lair rune preference: random
     0 | D:1      | 0 ||| qw: Goals: Normal
     0 | D:1      | 0 ||| PLANNING D:1-11
   108 | D:1      | Found a faded altar of an unknown god.
   121 | D:1      | Reached skill level 3 in Ranged Weapons
   121 | D:1      | Reached XP level 2. HP: 23/23 MP: 2/2
   704 | D:1      | 704 ||| UPGRADING to +0 ring mail.
   714 | D:1      | 714 ||| DROPPING +0 robe.
   715 | D:1      | 715 ||| READING 2 scrolls labelled IJOFRUTRAD.
   716 | D:1      | 716 ||| READING 2 scrolls labelled JEVUSO RUEVEAM.
   720 | D:1      | 720 ||| READING 3 scrolls labelled NESCHO CIGUOGG.
   721 | D:1      | 721 ||| READING scroll labelled OSHRAM IQICEIH.
   722 | D:1      | 722 ||| READING 2 scrolls labelled KEGEJ FIRADAU.
   723 | D:1      | 723 ||| READING scroll of enchant weapon.
   723 | D:1      | 723 ||| ENCHANTING +2 sling.
   724 | D:1      | 724 ||| READING scroll labelled WOBBORE SETYRA.
   725 | D:1      | 725 ||| DROPPING scroll of vulnerability.
   726 | D:1      | 726 ||| DROPPING scroll of poison.
   760 | D:2      | Reached XP level 3. HP: 29/29 MP: 3/3
   810 | D:2      | Reached skill level 4 in Ranged Weapons
   883 | D:2      | Reached skill level 1 in Armour
   921 | D:2      | Reached XP level 4. HP: 29/36 MP: 4/4
  1016 | D:2      | Found a shimmering altar of Xom.
  1295 | D:2      | 1295 ||| DRINKING 2 puce potions.
  1295 | D:2      | Gained mutation: You expend magic power (3 MP) to
                  | strengthen your wands. [potion of mutation]
  1295 | D:2      | Gained mutation: You occasionally shout uncontrollably at
                  | your foes. [potion of mutation]
  1295 | D:2      | Gained mutation: You have sharp toenails. [potion of
                  | mutation]
  1296 | D:2      | 1296 ||| READING 3 scrolls of identify.
  1296 | D:2      | 1296 ||| IDENTIFYING cyan potion
  1297 | D:2      | 1297 ||| READING 2 scrolls of identify.
  1297 | D:2      | 1297 ||| IDENTIFYING glowing dark potion
  1298 | D:2      | 1298 ||| DROPPING potion of attraction.
  1338 | D:3      | 1338 ||| STAIRDANCE
  1380 | D:3      | Noticed Robin
  1389 | D:3      | Noticed Sigmund
  1391 | D:3      | HP: 9/36 [goblin/+0 dagger[Robin] (2)]
  1392 | D:3      | 1392 ||| READING 2 scrolls of teleportation.
  1393 | D:3      | HP: 4/36 [Robin/goblin (1)]
  1466 | D:3      | Reached skill level 5 in Ranged Weapons
  1470 | D:3      | Killed Robin
  1480 | D:3      | HP: 4/37 [Sigmund/+0 scythe (9)]
  1481 | D:3      | 1481 ||| READING scroll of teleportation.
  1491 | D:3      | Reached XP level 5. HP: 7/44 MP: 5/5
  1491 | D:3      | HP: 3/44 [dart slug/slug dart (4)]
  1494 | D:3      | Reached skill level 3 in Fighting
  1657 | D:3      | Killed Sigmund
  1658 | D:3      | Reached skill level 6 in Ranged Weapons
  1658 | D:3      | Reached XP level 6. HP: 51/51 MP: 6/6
  1833 | D:3      | Found a runed translucent gate.
  1833 | D:3      | Found a runed translucent gate.
  1833 | D:3      | Found a runed translucent gate.
  1888 | D:3      | Noticed qw's ghost (amateur GrHs)
  2047 | D:3      | 2047 ||| READING scroll labelled PIFFUM NAIJE.
  2048 | D:3      | 2048 ||| READING 2 scrolls labelled TOQOOQ FEODIHI.
  2049 | D:3      | 2049 ||| DRINKING 2 silvery potions.
  2050 | D:3      | 2050 ||| READING 2 scrolls of identify.
  2050 | D:3      | 2050 ||| IDENTIFYING sedimented coppery potion
  2051 | D:3      | 2051 ||| DROPPING potion of degeneration.
  2052 | D:3      | 2052 ||| DROPPING potion of invisibility.
  2113 | D:4      | Noticed Edmund
  2129 | D:4      | HP: 13/52 [Edmund/+0 dire flail of protection (8)]
  2130 | D:4      | 2130 ||| READING scroll of teleportation.
  2130 | D:4      | HP: 3/52 [Edmund/+0 dire flail of protection (10)]
  2131 | D:4      | Slain by Edmund

Levels and vault maps discovered:
D:1:      eino_arrival_cavern_e, layout_loops_cross,
          dreamdust_ecumenical_altar_drowned_temple
D:2:      layout_rooms, basic_altar, wander_ebering_terrifying_dragon_lair
D:3:      layout_rooms, ebering_ghost_rock_garden, uniq_robin, uniq_sigmund
D:4:      layout_basic, serial_glass, glass_columns_c, glass_columns_a,
          uniq_edmund, uniq_crazy_yiuf_cottage

Skill      XL: |  1  2  3  4  5 |
---------------+----------------+-----
Ranged Weapons | 3 4 5 6 |  6.4
Fighting       | 2 3 |  3.7
Armour         | 1 |  1.2
Dodging        | |  2.1
Spellcasting   | |  1.0
Hexes          | |  2.0

Action                     |  1- 3 |  4- 6 || total
---------------------------+-------+-------++-------
   Fire: Sling             |    92 |   100 ||   192
    Use: Scroll            |     7 |     8 ||    15
         Potion            |       |     2 ||     2
 Armour: Ring mail         |     4 |    26 ||    30
  Dodge: Dodged            |    35 |    57 ||    92

Table legend:
 A = Non-vault XP
 B = Vault XP
 C = Vault XP percentage of total XP
 D = Non-vault monster count
 E = Vault monster count
 F = Vault count percentage of total count
                 A         B        C        D         E       F
            +---------+---------+-------+---------+---------+-------
      Total |     238 |     246 |  50.8 |      55 |      15 |  21.4
            +---------+---------+-------+---------+---------+-------
        D:1 |      36 |       1 |   2.7 |      21 |       1 |   4.5
        D:2 |      85 |       1 |   1.2 |      15 |       1 |   6.2
        D:3 |      60 |     244 |  80.3 |      15 |      13 |  46.4
        D:4 |      57 |       0 |   0.0 |       4 |       0 |   0.0
            +---------+---------+-------+---------+---------+-------
